 Dungeon Crawl Stone Soup version 0.29.1-14-g9c671dbff4 (webtiles) character file.

Game seed: 10377782000493779765

214 leafyfresh the Covert (level 5, -6/55 HPs)
             Began as an Octopode Delver on Feb 14, 2023.
             Mangled by a gnoll sergeant
             ... wielding a +0 spear
              (7 damage)
             ... on level 4 of the Dungeon.
             The game lasted 00:06:36 (4569 turns).

leafyfresh the Covert (Octopode Delver)             Turns: 4569, Time: 00:06:36

Health: -6/55      AC: 22    Str: 11    XL:     5   Next: 92%
Magic:  0/5        EV:  2    Int: 13    God:
Gold:   135        SH:  0    Dex: 15    Spells: 4/4 levels left

rFire   . . .      SeeInvis .   a - +0 short sword
rCold   . . .      Faith    .   (no shield)
rNeg    . . .      Spirit   +   (helmet currently unavailable)
rPois   +          Reflect  .   q - amulet of guardian spirit
rElec   .          Harm     .   s - ring of resist corrosion
rCorr   +          Rampage  .   (no ring)
Will    .....      NoTele   +   (no ring)
Stlth   ++++......              (no ring)
HPRegen 0.18/turn               (no ring)
MPRegen 0.09/turn               (no ring)
                                (no ring)
                                (no ring)

@: tree-form
A: stationary, stasis, torment immunity, boosted hp, almost no armour,
(amphibious), 8 rings, (camouflage 1), (gelatinous body 1), (nimble swimmer 1),
(tentacles)
a: no special abilities


You were on level 4 of the Dungeon.
You were a tree.
You visited 1 branch of the dungeon, and saw 5 of its levels.

You collected 135 gold pieces.

Inventory:

Hand Weapons
 a - a +0 short sword (weapon)
 r - a +2 dagger of holy wrath
Jewellery
 q - an amulet of guardian spirit (around neck)
 s - a ring of resist corrosion (left branch)
Wands
 f - a wand of digging (3)
Scrolls
 b - a scroll of fog
 c - 2 scrolls of magic mapping
 h - 2 scrolls of teleportation {unknown}
 i - a scroll of summoning {unknown}
 j - 3 scrolls of vulnerability {unknown}
 k - a scroll of amnesia {unknown}
 l - 5 scrolls of identify {unknown}
 n - a scroll of enchant weapon {unknown}
Potions
 d - 2 potions of curing
 e - a potion of haste
 m - a potion of resistance {unknown}
 o - a potion of invisibility {unknown}
 p - a potion of attraction {unknown}


   Skills:
 + Level 3.8 Fighting
 - Level 2.5 Short Blades
 + Level 3.9 Dodging
 + Level 8.2 Stealth


You had 4 spell levels left.
You didn't know any spells.
Your spell library was empty.

Dungeon Overview and Level Annotations

Branches:
Dungeon (5/15)
 Temple: D:4-7

Altars:
Cheibriados


Innate Abilities, Weirdness & Mutations

You are a tree.
Your roots penetrate the ground, keeping you stationary.
You cannot be teleported.
You are immune to unholy pain and torment.
Your maximum health is greatly increased.
You cannot wear most types of armour.
((You are amphibious.))
You can wear up to eight rings at the same time.
((Your skin changes colour to match your surroundings (Stealth+).))
((Your rubbery body absorbs attacks. (AC +1, EV +1)))
((You are camouflaged when in or above water. (Stealth+)))
((You have tentacles for arms and can constrict up to eight enemies at once.))


Message History

The gnoll hits you with a +1 spear of pain!
* * * LOW HITPOINT WARNING * * *
You writhe in agony.
* * * LOW HITPOINT WARNING * * *
Things that are here:
a +0 flail; a gnoll corpse It was a potion of curing.
You feel better. The gnoll sergeant closely misses you.
The gnoll hits you with a +1 spear of pain.
Unknown command.
It was a potion of lignification.
You turn into a tree.
Your roots penetrate the ground.
The gnoll sergeant hits you but does no damage.
The gnoll hits you with a +1 spear of pain.
* * * LOW HITPOINT WARNING * * *
You hit the gnoll but do no damage.
The gnoll sergeant hits you with a +0 spear.
* * * LOW HITPOINT WARNING * * *
The gnoll hits you but does no damage.
You hit the gnoll but do no damage.
The gnoll sergeant hits you with a +0 spear.
* * * LOW HITPOINT WARNING * * *
The gnoll hits you but does no damage.
You closely miss the gnoll.
The gnoll sergeant hits you but does no damage.
The gnoll hits you but does no damage.
You hit the gnoll.
The gnoll is moderately wounded.
The gnoll sergeant hits you with a +0 spear.
* * * LOW HITPOINT WARNING * * *
The gnoll hits you with a +1 spear of pain.
* * * LOW HITPOINT WARNING * * *
You closely miss the gnoll.
The gnoll is moderately wounded.
The gnoll sergeant hits you but does no damage.
The gnoll hits you but does no damage.
You hit the gnoll.
The gnoll is moderately wounded.
The gnoll sergeant hits you with a +0 spear!
You die...

..#
#.....###.##....###......
..# ###.#####.#####.#
..[... ..#
............##.# ......
.# #............#### ....
# ###..........#
8..........# #..#+##.####
#..#.##g######
#......g♣....####
8.........>.....#
#...........†...# ###
#..........#....# #..
#..........#....# #.#
⌠###8###8###...^#######.#
## ### #....#..<.....
#....#........
#....'........


You could see a gnoll sergeant and a gnoll.

Vanquished Creatures
  A scorpion (D:4)
  A gnoll (D:4)
  5 adders
  A worm (D:2)
  4 dart slugs
  2 orcs
  6 bats
  6 endoplasms
  5 giant cockroaches
  4 hobgoblins
  8 jackals
  5 kobolds
  8 quokkas
  9 ball pythons
  3 frilled lizards (D:1)
  8 goblins
  4 rats
80 creatures vanquished.

Vanquished Creatures (others)
  7 fungi (D:3)
  5 plants (D:3)
12 creatures vanquished.

Grand Total: 92 creatures vanquished

Notes
Turn   | Place    | Note
-------+----------+-------------------------------------------
     0 | D:5      | leafyfresh the Octopode Delver began the quest for the Orb.
     0 | D:5      | Reached XP level 1. HP: 16/16 MP: 1/1
     7 | D:5      | Noticed a jelly
    16 | D:5      | Noticed a black bear
    56 | D:4      | Reached XP level 2. HP: 16/21 MP: 2/2
   183 | D:4      | Noticed a scorpion
   220 | D:2      | Reached XP level 3. HP: 18/26 MP: 3/3
   443 | D:2      | Reached skill level 7 in Stealth
   699 | D:2      | Found a snail-covered altar of Cheibriados.
   861 | D:2      | Reached XP level 4. HP: 30/31 MP: 4/4
  3248 | D:3      | Reached XP level 5. HP: 25/36 MP: 5/5
  4139 | D:3      | Found a faded altar of an unknown god.
  4547 | D:4      | Reached skill level 8 in Stealth
  4567 | D:4      | HP: 1/55 [gnoll/+1 spear of pain[a gnoll sergeant] (3)]
  4569 | D:4      | Mangled by a gnoll sergeant

Illustrated notes

Levels and vault maps discovered:
D:1:      psy_arrival_terrarium, layout_basic
D:2:      layout_basic, basic_altar, ebering_dispersal_statue_hall
D:3:      layout_basic, shapermc_ecumenical_altar_mp_urbaneastern
D:4:      layout_basic, serial_corexii_hall, chequers_hall_statues_corner_a,
          chequers_hall_statues_wall_a, chequers_hall_statues_corner_a,
          chequers_hall_statues_wall_a, chequers_hall_statues_y,
          chequers_hall_statues_corner_a, minmay_misc_feat_tiny,
          nicolae_elevator_lobby_asterisk
D:5:      layout_basic, grunt_ministairs_15, minmay_fractal_squares_diagonal_5,
          uniq_menkaure

Skill      XL: |  1  2  3  4  5 |
---------------+----------------+-----
Stealth        | 7 8 |  8.2
Dodging        | 3 |  3.9
Fighting       | |  3.8
Short Blades   | |  2.5

Action                   |  1- 3 |  4- 6 || total
-------------------------+-------+-------++-------
Melee: Short sword       |    53 |   117 ||   170
       Tentacles         |    12 |    22 ||    34
       Constrict         |    16 |    24 ||    40
       Punch             |       |     2 ||     2
  Use: Scroll            |       |     1 ||     1
       Potion            |       |     3 ||     3
 Stab: Sleeping          |     6 |    21 ||    27
Armor: Skin              |     3 |    10 ||    13
Dodge: Dodged            |    48 |    80 ||   128
